Map: Fields of Shazir

Players

TheChosen - Winner!

  • Race: Protoss Protoss
  • Spawn Location: 7:00

Spade - Winner!

  • Race: Terran Terran
  • Spawn Location: 9:00

akujihack - Winner!

  • Race: Protoss Protoss
  • Spawn Location: 9:00

Metasapien

  • Race: Zerg Zerg
  • League: Platinum
  • Spawn Location: 5:00

DarkFart

  • Race: Protoss Protoss
  • League: Platinum
  • Spawn Location: 3:00

BRAZUCA

  • Race: Terran Terran
  • League: Gold
  • Spawn Location: 3:00

VOD

Have the link to the VOD?

Description

Time

  • Played on: Sept. 23, 2017, 11:52 a.m.
  • Length: 19:24
Show
View Real Time Build Order
Export as new Build Order

TheChosen Protoss - Winner!

Build Orders:  

Get SALT Encoding   

  12  0:01  Probe (Chrono Boost)  
  13  0:16  Pylon  
  13  0:19  Probe (Chrono Boost)  
  14  0:29  Probe (Chrono Boost)  
  15  0:36  Gateway  
  15  0:40  Probe (Chrono Boost)  
  16  0:51  Probe (Chrono Boost)  
  17  0:58  Assimilator  
  17  1:05  Forge  
  17  1:07  Pylon  
  17  1:14  Assimilator  
  17  1:20  Probe (Chrono Boost)  
  18  1:33  Cybernetics Core  
  18  1:41  Probe (Chrono Boost)  
  18  1:45  Pylon  
  19  1:52  Probe (Chrono Boost)  
  20  2:02  Probe (Chrono Boost)  
  20  2:05  Photon Cannon  
  21  2:13  Probe (Chrono Boost)  
  22  2:23  Probe (Chrono Boost)  
  22  2:28  Stargate  
  23  2:40  Stargate  
  23  2:44  Photon Cannon  
  23  2:55  Protoss Air Weapons Level 1  
  23  3:01  Probe (Chrono Boost)  
  24  3:11  Probe (Chrono Boost)  
  25  3:21  Nexus  
  25  3:36  Void Ray  
  29  3:42  Probe (Chrono Boost)  
  30  3:52  Probe (Chrono Boost)  
  31  3:58  Void Ray  
  35  4:03  Probe (Chrono Boost)  
  36  4:13  Probe (Chrono Boost)  
  37  4:31  Pylon  
  37  4:33  Void Ray  
  37  4:36  Pylon  
  41  4:40  Probe (Chrono Boost)  
  41  4:41  Probe (Chrono Boost)  
  43  4:50  Probe (Chrono Boost)  
  44  5:01  Fleet Beacon  
  44  5:09  Probe x2 (Chrono Boost)  
  46  5:22  Probe (Chrono Boost)  
  46  5:23  Probe (Chrono Boost)  
  46  5:25  Assimilator  
  48  5:28  Assimilator  
  48  5:33  Void Ray, Probe x2 (Chrono Boost)  
  54  5:52  Probe x2 (Chrono Boost)  
  56  5:59  Pylon  
  56  6:01  Pylon  
  56  6:04  Void Ray  
  60  6:33  Void Ray  
  64  6:42  Protoss Air Weapons Level 2 (Chrono Boost)  
  64  7:02  Void Ray  
  68  7:18  Cybernetics Core  
  68  7:23  Carrier  
  68  7:28  Probe  
  75  7:39  Probe  
  72  7:50  Probe  
  69  8:00  Probe  
  68  8:35  Carrier  
  72  8:54  Carrier (Chrono Boost)  
  78  9:01  Protoss Air Weapons Level 3 (Chrono Boost)  
  78  9:12  Protoss Air Armor Level 1 (Chrono Boost)  
  78  9:24  Nexus  
  78  9:30  Pylon  
  78  9:32  Pylon  
  78  9:35  Pylon  
  78  9:37  Pylon  
  78  9:41  Pylon  
  74  10:05  Carrier (Chrono Boost)  
  80  10:16  Probe  
  80  10:17  Probe  
  80  10:18  Carrier (Chrono Boost)  
  88  10:25  Graviton Catapult  
  88  10:29  Probe  
  89  10:36  Probe  
  89  10:38  Probe  
  89  10:41  Probe  
  92  10:47  Probe  
  93  10:50  Probe  
  93  10:53  Probe  
  95  10:57  Probe  
  96  11:21  Carrier (Chrono Boost)  
  102  11:34  Carrier (Chrono Boost)  
  96  12:32  Pylon  
  96  12:33  Pylon  
  96  12:34  Pylon  
  96  12:35  Pylon  
  96  12:36  Carrier (Chrono Boost)  
  102  12:42  Stargate  
  102  12:48  Carrier (Chrono Boost)  
  108  13:13  Robotics Facility  
  108  13:16  Protoss Air Armor Level 2  
  108  14:20  Nexus  
  108  14:21  Carrier (Chrono Boost)  
  114  14:25  Pylon  
  114  14:26  Pylon x2  
  114  14:27  Pylon x2  
  114  14:28  Pylon  
  114  14:30  Pylon  
  114  14:33  Pylon  
  114  14:44  Carrier (Chrono Boost), Mothership Core  
  122  14:50  Photon Cannon  
  122  14:52  Photon Cannon x2  
  122  14:54  Photon Cannon  
  122  14:55  Photon Cannon  
  122  14:58  Photon Cannon  
  122  14:59  Photon Cannon  
  122  15:04  Photon Cannon  
  122  15:30  Assimilator  
  122  15:34  Assimilator  
  122  15:35  Carrier (Chrono Boost)  
  134  15:58  Carrier (Chrono Boost)  
  146  16:06  Carrier (Chrono Boost)  
  146  16:48  Carrier (Chrono Boost)  
  152  17:11  Observer  
  152  17:13  Carrier (Chrono Boost)  
  159  17:21  Carrier (Chrono Boost)  
  165  17:32  Observer  
Show
View Real Time Build Order
Export as new Build Order

Spade Terran - Winner!

Build Orders: MMM Bio 

Get SALT Encoding   

  12  0:01  SCV  
  13  0:26  SCV, Supply Depot  
  14  0:38  SCV  
  15  0:48  Supply Depot  
  15  0:50  SCV  
  15  0:52  Barracks  
  16  1:00  Refinery  
  16  1:02  SCV  
  17  1:09  Refinery  
  17  1:25  Barracks  
  17  1:31  SCV  
  18  1:43  SCV  
  20  1:47  Supply Depot  
  20  1:50  Barracks Tech Lab  
  19  2:19  Barracks Reactor, Marine  
  19  2:21  Combat Shields  
  20  2:25  Barracks, SCV  
  21  2:35  Supply Depot  
  21  2:40  Marine  
  22  2:45  SCV  
  23  2:56  Marine  
  23  2:57  SCV  
  23  2:58  Marine  
  26  3:20  Marine  
  26  3:21  Factory, Marine  
  26  3:22  Marine  
  26  3:25  SCV  
  30  3:30  Barracks Reactor  
  30  3:38  Orbital Command  
  32  3:51  Stimpack  
  30  4:14  Command Center  
  30  4:23  Starport  
  30  4:28  SCV  
  31  4:33  Marine x2  
  31  4:35  Marine  
  34  4:39  Marine  
  34  4:43  Marine  
  36  4:57  Engineering Bay  
  36  4:59  Medivac  
  38  5:11  Marine x3  
  41  5:15  Marine  
  42  5:42  Medivac  
  44  5:44  Orbital Command  
  44  5:48  Marine  
  45  6:09  Marine x5  
  50  6:26  Marine  
  50  6:27  Marine x2  
  52  6:51  Marine  
  52  6:52  Marine x4  
  57  6:57  Starport Tech Lab  
  57  7:00  Refinery  
  57  7:03  Refinery  
  57  7:06  Terran Infantry Weapons Level 1  
  57  7:09  Marine  
  57  7:12  Engineering Bay  
  57  7:15  Armory  
  51  8:43  Medivac  
  51  8:46  High Capacity Fuel Tanks  
  51  8:48  Terran Infantry Armor Level 1, Terran Vehicle And Ship Armor Level 1  
  53  8:58  Marine x5  
  58  9:13  Medivac  
  58  9:16  Missile Turret, Marine x5  
  65  9:33  Marine x2  
  65  9:34  Marine x3  
  70  9:45  Missile Turret  
  70  9:52  Starport  
  70  10:13  Missile Turret  
  70  10:16  Marine x5  
  70  10:17  Medivac, SCV  
  78  10:29  Starport, SCV  
  78  10:34  Marine  
  78  10:41  SCV  
  73  10:53  SCV  
  65  11:05  SCV  
  46  11:55  Medivac  
  43  12:20  Terran Infantry Weapons Level 2  
  43  12:23  Terran Vehicle And Ship Armor Level 2  
  43  12:25  Medivac  
  43  12:28  Terran Infantry Armor Level 2  
  45  12:31  Marine x4  
  45  12:32  Marine  
  50  12:49  Marine x5  
  55  12:55  Medivac  
  57  13:07  Marine x5  
  62  13:24  Marine  
  62  13:25  Medivac, Marine x4  
  60  13:43  Marine  
  61  14:12  SCV  
  61  14:13  Starport Tech Lab  
  61  14:14  Starport Tech Lab  
  62  14:19  Fusion Core  
  62  14:23  Raven  
  62  14:24  SCV  
  65  14:29  Marine  
  65  14:30  Marine x4  
  70  14:36  SCV  
  71  14:39  Terran Ship Weapons Level 1  
  71  14:47  Marine x2  
  71  14:48  SCV, Marine x3  
  77  15:00  SCV  
  77  15:04  Command Center  
  77  15:05  Raven, Marine x4  
  84  15:33  Refinery, Terran Infantry Armor Level 3  
  84  15:39  Terran Infantry Weapons Level 3  
  84  15:44  Command Center  
  84  15:46  Raven  
  84  15:49  Corvid Reactor  
  86  15:56  Recalibrated Explosives  
  86  15:59  Refinery  
  86  16:15  Raven  
  88  16:22  Refinery  
  88  16:26  Orbital Command  
  88  16:32  Supply Depot  
  88  16:33  Terran Vehicle And Ship Armor Level 3  
  88  16:41  SCV  
  88  16:42  SCV  
  90  16:48  Refinery  
  90  16:54  Medivac, SCV x2  
  92  16:55  Supply Depot  
  92  16:57  Medivac  
  96  17:03  Marine  
  96  17:04  Marine x4  
  96  17:06  SCV x2  
  103  17:17  Supply Depot  
  103  17:18  SCV x2  
  103  17:21  Marine  
  102  17:30  SCV x2  
Show
View Real Time Build Order
Export as new Build Order

akujihack Protoss - Winner!

Build Orders:  

Get SALT Encoding   

  12  0:01  Probe (Chrono Boost)  
  14  0:14  Probe (Chrono Boost)  
  14  0:19  Pylon  
  14  0:25  Probe (Chrono Boost)  
  15  0:33  Assimilator  
  15  0:43  Forge  
  15  0:54  Probe (Chrono Boost)  
  16  1:03  Gateway  
  16  1:10  Probe (Chrono Boost)  
  17  1:14  Assimilator  
  17  1:38  Pylon  
  17  1:43  Probe (Chrono Boost)  
  18  1:52  Photon Cannon  
  19  1:54  Probe (Chrono Boost)  
  19  2:02  Cybernetics Core  
  19  2:16  Probe (Chrono Boost)  
  20  2:26  Probe (Chrono Boost)  
  21  2:36  Nexus  
  22  2:37  Probe (Chrono Boost)  
  22  2:57  Stargate  
  22  3:01  Photon Cannon  
  22  3:09  Probe (Chrono Boost)  
  23  3:17  Stargate  
  22  3:30  Photon Cannon  
  22  3:37  Photon Cannon  
  22  3:44  Probe (Chrono Boost)  
  23  3:49  Probe (Chrono Boost)  
  23  3:55  Probe (Chrono Boost)  
  25  3:59  Probe (Chrono Boost)  
  25  4:00  Oracle (Chrono Boost)  
  32  4:10  Oracle (Chrono Boost)  
  32  4:18  Probe  
  33  4:25  Probe  
  33  4:30  Probe  
  35  4:32  Oracle (Chrono Boost)  
  38  4:42  Pylon  
  38  4:45  Pylon  
  38  4:58  Assimilator  
  38  5:00  Probe x2  
  38  5:02  Assimilator  
  38  5:04  Pylon  
  40  5:08  Pylon  
  40  5:12  Probe  
  38  5:34  Void Ray (Chrono Boost)  
  46  5:36  Void Ray (Chrono Boost)  
  46  6:01  Stargate  
  46  6:08  Probe  
  46  6:10  Probe  
  48  6:12  Void Ray (Chrono Boost)  
  48  6:15  Void Ray (Chrono Boost)  
  56  6:21  Probe  
  56  6:22  Probe  
  58  6:33  Probe  
  58  6:34  Probe  
  54  6:46  Probe  
  55  6:49  Void Ray (Chrono Boost)  
  55  6:52  Void Ray (Chrono Boost)  
  63  7:04  Probe  
  68  7:15  Pylon  
  68  7:16  Probe  
  68  7:17  Void Ray (Chrono Boost)  
  69  7:29  Probe  
  70  7:38  Void Ray (Chrono Boost)  
  70  7:39  Void Ray (Chrono Boost)  
  78  7:46  Pylon  
  78  7:47  Pylon  
  78  7:59  Pylon  
  82  8:10  Void Ray (Chrono Boost)  
  70  8:51  Void Ray x2 (Chrono Boost)  
  82  8:57  Void Ray (Chrono Boost)  
  82  9:26  Nexus  
  82  9:42  Void Ray x2 (Chrono Boost)  
  94  9:48  Void Ray (Chrono Boost)  
  94  9:49  Stargate  
  94  9:54  Pylon  
  94  10:07  Nexus  
  94  10:10  Pylon  
  94  10:19  Void Ray (Chrono Boost)  
  94  10:20  Void Ray (Chrono Boost)  
  106  10:31  Void Ray (Chrono Boost)  
  106  10:37  Photon Cannon  
  106  10:39  Photon Cannon x2  
  106  10:42  Photon Cannon  
  102  10:57  Void Ray x2 (Chrono Boost)  
  98  11:28  Void Ray x2 (Chrono Boost)  
  70  11:59  Pylon  
  62  12:04  Stargate  
  62  12:05  Void Ray x2 (Chrono Boost)  
  78  12:09  Probe  
  78  12:11  Void Ray x2 (Chrono Boost)  
  78  12:14  Probe  
  79  12:18  Assimilator  
  79  12:20  Probe  
  81  12:23  Assimilator  
  81  12:25  Probe  
  81  12:29  Assimilator  
  82  12:30  Probe  
  82  12:34  Assimilator  
  82  12:35  Probe  
  83  12:41  Probe  
  85  12:49  Void Ray x2 (Chrono Boost)  
  97  12:51  Probe  
  97  12:55  Void Ray (Chrono Boost)  
  102  13:02  Void Ray (Chrono Boost)  
  102  13:08  Mothership Core  
  104  13:59  Void Ray x2 (Chrono Boost)  
  116  14:04  Void Ray (Chrono Boost)  
  116  14:12  Probe  
  117  14:23  Probe  
  118  14:33  Probe  
  119  14:43  Probe  
  119  14:44  Probe  
  120  14:49  Void Ray x2 (Chrono Boost)  
  133  14:54  Probe x2  
  133  14:55  Void Ray (Chrono Boost)  
  135  15:00  Fleet Beacon  
  135  15:04  Probe  
  135  15:05  Probe  
  137  15:26  Void Ray (Chrono Boost)  
  137  15:27  Void Ray (Chrono Boost)  
  149  15:43  Void Ray (Chrono Boost)  
  149  15:44  Void Ray (Chrono Boost)  
  153  16:28  Pylon  
  153  16:29  Pylon  
  153  16:31  Pylon x2  
  153  16:39  Cybernetics Core  
  153  16:47  Void Ray x2 (Chrono Boost)  
  161  16:48  Void Ray (Chrono Boost)  
  161  16:49  Protoss Shields Level 1  
  161  16:51  Protoss Air Weapons Level 1  
  171  17:11  Void Ray (Chrono Boost)  
  164  17:24  Void Ray (Chrono Boost)  
  95  18:36  Tempest x4 (Chrono Boost)  
Show
View Real Time Build Order
Export as new Build Order

Metasapien Zerg 

Build Orders: Hatch First 

Get SALT Encoding   

  12  0:24  Drone  
  13  0:35  Hatchery  
  12  0:38  Drone  
  13  0:46  Overlord  
  13  0:51  Drone  
  14  1:08  Spawning Pool  
  13  1:12  Drone  
  14  1:38  Drone  
  14  1:39  Drone x2  
  17  1:44  Extractor  
  16  1:51  Drone  
  17  2:03  Drone x2  
  19  2:11  Drone  
  19  2:13  Hatchery  
  19  2:16  Queen  
  21  2:37  Drone x3  
  21  2:38  Queen  
  21  2:43  Drone  
  27  2:49  Zergling x2  
  28  2:52  Overlord  
  28  3:04  Overlord  
  28  3:12  Zergling x8  
  32  3:15  Metabolic Boost  
  32  3:23  Drone  
  32  3:26  Drone, Queen  
  36  3:31  Zergling x4  
  38  3:34  Zergling x2  
  38  3:38  Drone  
  40  4:08  Drone x3  
  40  4:09  Drone x2  
  46  4:10  Drone x3  
  46  4:12  Lair  
  46  4:15  Extractor  
  47  4:17  Overlord  
  47  4:18  Roach Warren  
  47  4:19  Drone  
  47  4:23  Drone  
  48  4:29  Spine Crawler  
  47  4:33  Extractor  
  46  4:55  Drone x3  
  46  4:57  Drone x3  
  46  4:58  Drone  
  53  5:01  Roach x2  
  53  5:03  Drone  
  53  5:06  Overlord  
  53  5:07  Overlord  
  58  5:13  Extractor  
  57  5:15  Drone  
  58  5:22  Hydralisk Den  
  58  5:23  Overseer  
  57  5:36  Drone x6  
  63  5:58  Hydralisk  
  63  5:59  Hydralisk x4  
  63  6:00  Overlord x3  
  63  6:01  Overlord  
  73  6:04  Drone  
  73  6:07  Overlord x2  
  73  6:08  Overlord  
  69  6:21  Roach x4, Hydralisk x3  
  69  6:22  Roach  
  78  6:30  Hydralisk  
  78  6:31  Roach  
  78  6:32  Roach x2  
  82  6:57  Muscular Augments  
  82  6:58  Roach  
  84  7:11  Drone x3  
  84  7:12  Drone x2  
  84  7:13  Drone x2  
  84  7:14  Spore Crawler  
  90  7:19  Overlord, Roach, Hydralisk x2  
  90  7:20  Overlord  
  90  7:21  Hydralisk  
  98  7:29  Drone  
  99  7:31  Drone  
  99  7:36  Drone  
  101  7:43  Evolution Chamber x2  
  93  7:48  Hydralisk x6  
  85  7:54  Hydralisk  
  81  8:02  Spore Crawler  
  71  8:16  Hydralisk x2  
  71  8:17  Roach x4, Hydralisk  
  70  8:35  Overlord x3  
  70  8:38  Zerg Ground Armor Level 1  
  70  8:40  Ravager  
  71  8:43  Hydralisk  
  71  8:45  Roach  
  71  8:46  Drone  
  71  8:47  Drone x3  
  71  8:48  Drone  
  80  9:03  Hatchery  
  79  9:13  Hydralisk x2  
  79  9:14  Hydralisk x2  
  79  9:15  Roach  
  79  9:16  Hatchery  
  88  9:36  Hydralisk  
  88  9:37  Hydralisk x4  
  98  9:43  Extractor  
  97  9:48  Zerg Missile Weapons Level 1  
  97  9:49  Extractor  
  96  9:54  Spore Crawler  
  95  10:06  Hydralisk x3  
  95  10:07  Roach x2, Hydralisk  
  107  10:23  Drone  
  68  11:12  Hydralisk  
  68  11:13  Hydralisk x11  
  49  11:49  Hatchery  
  48  12:29  Drone  
  49  12:34  Drone  
  50  12:42  Drone  
  51  12:51  Drone  
  52  12:54  Drone  
  53  13:00  Drone  
  54  13:06  Drone  
  54  13:12  Drone  
  56  13:18  Drone  
  57  13:29  Drone x2  
  57  13:32  Drone  
  57  13:33  Drone  
  61  13:39  Drone  
  61  13:40  Drone  
  63  13:47  Drone  
  64  13:53  Queen  
  66  14:00  Drone x3  
  69  14:04  Drone  
  69  14:06  Drone  
  71  14:19  Drone  
  71  14:20  Queen  
  74  14:25  Overlord  
  74  14:26  Drone  
  74  14:29  Drone  
  74  14:30  Drone  
  77  14:32  Extractor  
  77  14:37  Drone x2  
  77  14:38  Drone  
  79  14:40  Drone  
  80  14:56  Drone  
  80  14:58  Zerg Missile Weapons Level 2  
  80  14:59  Zerg Ground Armor Level 2  
  81  15:01  Drone  
  81  15:03  Drone x3  
  85  15:27  Hydralisk x4  
  85  15:28  Hydralisk x2  
  95  15:29  Hydralisk  
  95  15:30  Extractor  
  98  15:50  Hydralisk x4  
  98  15:51  Hydralisk  
  98  15:55  Drone  
  109  15:58  Hydralisk x2  
  113  16:12  Drone x3, Infestation Pit  
  115  16:36  Hydralisk x3  
  115  16:37  Hydralisk x4  
  129  16:47  Spire  
  128  16:55  Hive  
  128  17:01  Drone x2  
  130  17:08  Overlord  
  130  17:13  Overlord  
  130  17:16  Hydralisk x2  
  134  17:29  Hydralisk x3  
  134  17:31  Infestor  
  116  17:58  Hydralisk x2  
  63  17:59  Hydralisk x5  
  77  18:06  Hydralisk x2  
  77  18:27  Hydralisk x2  
  77  18:28  Hydralisk x7  
  77  18:29  Hydralisk  
  95  18:46  Hydralisk x3  
  95  18:47  Hydralisk x6  
  95  18:48  Hydralisk  
Show
View Real Time Build Order
Export as new Build Order

DarkFart Protoss 

Build Orders: 1 Gate Expand 

Get SALT Encoding   

  12  0:01  Probe (Chrono Boost)  
  13  0:12  Probe (Chrono Boost)  
  14  0:19  Pylon  
  14  0:23  Probe (Chrono Boost)  
  15  0:37  Probe (Chrono Boost)  
  15  0:40  Gateway  
  16  0:47  Probe (Chrono Boost)  
  17  0:50  Assimilator  
  17  0:58  Probe (Chrono Boost)  
  18  1:08  Probe (Chrono Boost)  
  19  1:19  Probe (Chrono Boost)  
  20  1:32  Nexus  
  20  1:33  Probe (Chrono Boost)  
  21  1:41  Cybernetics Core  
  21  1:44  Probe (Chrono Boost)  
  22  1:52  Pylon  
  22  1:55  Probe (Chrono Boost)  
  23  2:02  Assimilator  
  23  2:10  Probe (Chrono Boost)  
  24  2:16  Pylon  
  24  2:21  Mothership Core (Chrono Boost)  
  26  2:31  Gateway  
  26  2:38  Warp Gate (Chrono Boost)  
  26  2:39  Probe  
  26  2:43  Pylon  
  27  2:51  Probe  
  28  2:58  Probe  
  28  2:59  Twilight Council  
  29  3:09  Probe  
  30  3:19  Probe, Gateway  
  30  3:22  Assimilator  
  30  3:24  Assimilator  
  31  3:30  Probe  
  32  3:40  Probe  
  32  3:41  Gateway  
  32  3:45  Gateway  
  33  3:48  Templar Archives  
  33  3:51  Probe  
  34  4:01  Probe, Pylon  
  35  4:12  Probe  
  36  4:19  Psionic Storm  
  36  4:22  Probe  
  37  4:29  Stalker x3  
  43  4:33  Probe  
  44  4:43  Probe  
  45  4:53  Pylon  
  45  4:55  Assimilator  
  45  4:56  High Templar x2  
  49  5:00  Assimilator  
  49  5:14  Pylon  
  36  5:40  Pylon  
  36  5:42  Probe  
  37  5:46  Stalker  
  37  5:47  Stalker x2  
  37  5:48  Stalker  
  45  5:54  Probe  
  46  6:06  Probe  
  46  6:08  Robotics Facility  
  47  6:11  Probe  
  47  6:18  Probe  
  49  6:21  High Templar x2  
  53  6:30  Probe  
  54  6:35  Blink (Chrono Boost)  
  54  6:44  Probe  
  55  6:49  High Templar  
  57  6:56  Probe  
  59  7:08  Probe  
  59  7:13  Nexus  
  59  7:19  High Templar x2  
  59  7:20  Probe  
  64  7:22  High Templar  
  64  7:26  High Templar  
  64  7:29  Stalker  
  70  7:34  Probe  
  71  7:45  Observer  
  71  7:46  Probe  
  73  7:57  Forge  
  73  7:59  Forge  
  73  8:01  Pylon  
  73  8:08  Stalker  
  70  8:54  Nexus  
  70  9:08  Protoss Ground Weapons Level 1 (Chrono Boost)  
  70  9:18  Protoss Ground Armor Level 1 (Chrono Boost)  
  70  9:22  Probe  
  71  9:33  Probe  
  72  9:43  Probe  
  73  9:51  Stalker x3  
  79  9:54  Probe  
  79  9:57  Pylon  
  80  10:03  Photon Cannon  
  80  10:04  Probe  
  81  10:18  Mothership Core  
  83  10:28  Stalker  
  85  10:36  Photon Cannon  
  85  10:38  Pylon, Stalker  
  83  11:30  Stalker x2  
  83  11:31  Stalker x3  
  55  12:12  High Templar x3  
  55  12:13  High Templar x2  
  65  12:25  Gateway  
  65  12:26  Archon x2  
  65  12:27  Gateway  
  65  12:32  Gateway  
  65  12:33  Pylon  
  65  12:38  Probe  
  65  12:39  Protoss Shields Level 1 (Chrono Boost)  
  66  12:45  High Templar x2  
  66  12:46  High Templar x3  
  66  12:49  Probe  
  66  12:50  Archon x3  
  77  12:57  Protoss Ground Weapons Level 2 (Chrono Boost)  
  77  12:59  Probe  
  78  13:07  Photon Cannon  
  78  13:10  Probe  
  79  13:20  Probe  
  79  13:21  High Templar x2  
  79  13:22  High Templar x3  
  90  13:31  Probe  
  73  13:41  Probe  
  74  13:50  High Templar x2  
  74  13:54  Archon  
  78  13:59  Stalker x3  
  78  14:00  Stalker x3  
  90  14:31  High Templar x3  
  90  14:32  High Templar x5  
  90  14:36  Archon x2  
  90  14:37  Archon x2  
  106  14:43  Nexus  
  106  14:46  Assimilator  
  106  14:50  Assimilator  
  106  14:53  Pylon  
  106  15:01  Protoss Ground Weapons Level 3 (Chrono Boost)  
  106  15:05  High Templar x5  
  116  15:08  Protoss Shields Level 2 (Chrono Boost)  
  116  15:09  Archon x2  
  116  15:31  High Templar x2  
  120  15:35  Nexus  
  120  15:36  Archon  
  120  15:38  Pylon  
  120  15:39  Assimilator  
  120  15:43  Pylon, Assimilator  
  120  15:44  Pylon  
  120  15:47  Pylon  
  120  15:49  Pylon  
  120  15:53  Probe  
  121  15:59  Pylon  
  121  16:03  High Templar  
  123  16:04  Probe  
  123  16:07  High Templar  
  123  16:08  High Templar  
  128  16:12  Archon  
  128  16:14  Probe  
  129  16:25  Probe  
  129  16:30  High Templar x2  
  134  16:32  Photon Cannon  
  134  16:34  Archon, Photon Cannon  
  134  16:35  Probe  
  135  16:46  Probe  
  135  16:53  High Templar x2  
  140  16:55  Photon Cannon  
  140  16:56  Probe  
  140  16:57  Archon, Photon Cannon  
  141  17:05  Stalker x4  
  113  17:32  Stalker x5  
  113  17:33  Stalker x2  
  127  17:38  High Templar  
  129  17:56  Stalker x2  
  129  17:57  Stalker  
  97  18:17  Stalker x3  
  97  18:18  Stalker x2  
Show
View Real Time Build Order
Export as new Build Order

BRAZUCA Terran 

Build Orders:  

Get SALT Encoding   

  12  0:02  SCV  
  13  0:22  SCV  
  14  0:34  SCV  
  15  0:50  Supply Depot  
  15  0:55  Supply Depot  
  15  1:11  SCV  
  15  1:17  Barracks  
  16  1:23  SCV  
  17  1:34  Refinery  
  17  1:36  Refinery, SCV  
  18  1:42  Supply Depot  
  18  1:48  SCV  
  18  1:52  Barracks  
  19  2:00  SCV  
  20  2:12  SCV  
  21  2:24  SCV  
  22  2:32  Barracks Reactor  
  22  2:36  SCV  
  23  2:44  Bunker  
  23  2:45  Marine  
  23  2:46  Supply Depot  
  23  2:48  SCV  
  25  3:03  Marine  
  26  3:15  Supply Depot  
  26  3:20  Marine  
  26  3:22  Orbital Command  
  27  3:27  Factory  
  27  3:33  Barracks  
  27  3:40  Barracks Tech Lab  
  27  3:44  Factory  
  27  3:52  SCV  
  28  4:02  Marine  
  29  4:04  SCV  
  29  4:08  Refinery  
  30  4:16  SCV  
  31  4:20  Barracks Tech Lab  
  31  4:26  Bunker  
  31  4:28  Barracks Reactor  
  31  4:29  Starport  
  31  5:01  Siege Tank  
  31  5:03  Bunker, SCV  
  35  5:08  Command Center, Marine x2  
  35  5:13  Starport Reactor  
  37  5:15  SCV  
  38  5:33  Siege Tank  
  41  5:42  Engineering Bay  
  41  5:47  Barracks Reactor  
  41  5:52  Viking  
  41  5:53  Viking  
  41  5:55  Marine x3  
  48  6:13  Marine x2  
  48  6:14  Missile Turret  
  50  6:19  Widow Mine x2  
  50  6:22  Viking  
  56  6:33  Missile Turret  
  56  6:40  Missile Turret  
  56  6:43  Planetary Fortress  
  56  6:46  Marine x2  
  57  6:47  Widow Mine, Marine x3  
  63  7:00  Siege Tank  
  66  7:30  Refinery  
  66  7:33  Refinery  
  66  7:35  Command Center  
  66  8:05  Missile Turret, Sensor Tower  
  66  8:09  Missile Turret x2  
  64  8:39  Marine x5  
  69  8:46  Widow Mine  
  71  8:53  Supply Depot  
  71  8:57  Marine x4  
  75  9:09  Orbital Command  
  75  9:11  SCV x2  
  77  9:21  Missile Turret  
  77  9:23  SCV  
  78  9:25  Widow Mine x2  
  82  9:33  Armory  
  82  9:39  Refinery  
  78  10:07  SCV x3  
  78  10:11  Widow Mine x2  
  85  10:19  SCV x3  
  88  10:39  Widow Mine  
  88  10:40  Widow Mine  
  71  11:00  Marine  
  71  11:01  Marine x4  
  71  11:03  Widow Mine  
  78  11:08  Widow Mine x2  
  82  11:18  Marine x2  
  82  11:19  Marine x3  
  85  11:36  Marine x5  
  85  11:37  Widow Mine  
  92  11:42  Widow Mine  
  87  11:54  Marine x5  
  76  11:59  Widow Mine  
  83  12:05  Widow Mine  
  85  12:10  Widow Mine  
  85  12:11  Marine  
  85  12:12  Marine x4  
  92  12:16  Drilling Claws  
  92  12:24  Starport  
  92  12:29  Marine  
  93  12:47  Supply Depot  
  93  12:49  Supply Depot x2  
  93  12:53  Medivac, Supply Depot, Marine x5  
  93  12:54  Supply Depot  
  100  13:08  Widow Mine x3  
  100  13:10  Marine x5  
  111  13:19  Starport Reactor  
  107  13:28  Marine x3  
  109  13:36  Widow Mine  
  92  13:52  Widow Mine x2  
  92  13:54  Reaper, Marine  
  92  13:55  Marine x3  
  82  14:03  Missile Turret  
  82  14:05  Widow Mine  
  84  14:21  Widow Mine x2  
  88  14:32  Missile Turret  
  88  14:33  Widow Mine  
  90  14:42  Marine  
  90  14:43  Marine x4  
  95  14:49  Widow Mine  
  95  14:50  Widow Mine  
  95  14:51  Stimpack  
  95  14:52  Missile Turret  
  99  14:53  Terran Infantry Weapons Level 1  
  99  15:00  Marine x2  
  99  15:01  Marine x3  
  99  15:02  Terran Vehicle Weapons Level 1, Widow Mine  
  99  15:03  SCV x3  
  109  15:13  Engineering Bay  
  109  15:15  SCV  
  109  15:18  Medivac x2, Marine x3  
  109  15:19  Medivac, Marine x2  
  121  15:35  Missile Turret  
  121  15:36  Marine  
  122  15:46  Marine x3  
  122  15:47  Marine  
  126  15:54  Marine  
  126  15:56  Command Center  
  127  16:01  Barracks  
  127  16:02  Barracks  
  127  16:03  Barracks  
  127  16:04  Marine x4  
  127  16:05  Barracks  
  127  16:06  Terran Infantry Armor Level 1  
  131  16:11  Marine  
  132  16:21  Medivac  
  132  16:22  Medivac x2, Marine x3  
  141  16:32  Supply Depot  
  141  16:33  Supply Depot  
  141  16:37  Supply Depot  
  141  16:53  Marine x5  
  146  17:11  Marine x5  
  134  17:29  Marine x5  
  119  17:41  Widow Mine x3  
  122  17:47  Marine x5  
  120  18:04  Marine x5  
  115  18:10  Widow Mine x3  
  92  18:22  Marine x5  
Tags
 
Add a new tag
Caveats
  • Supply blocks, unpowered buildings, or Contaminate may cause inaccurate times.
  • Supply counts are checked every 10 seconds.